 Dungeon Crawl Stone Soup version 0.28-a0-1199-gef9e1dbd39 (webtiles) character file.

Game seed: 16150990419326316425

2 ytrimaz the Insei (level 1, 0/13 HPs)
             Began as an Octopode Transmuter on Dec 20, 2021.
             Constricted to death by a ball python (1 damage)
             ... on level 1 of the Dungeon.
             The game lasted 00:00:16 (43 turns).

ytrimaz the Insei (Octopode Transmuter)               Turns: 43, Time: 00:00:17

Health: 0/13       AC:  1    Str:  9    XL:     1   Next: 40%
Magic:  3/3        EV: 10    Int: 15    God:
Gold:   0          SH:  0    Dex: 12    Spells: 3/4 levels left

rFire   . . .      SeeInvis .     - Unarmed
rCold   . . .      Faith    .   (no shield)
rNeg    . . .      Spirit   .   (helmet restricted)
rPois   .          Reflect  .   (no amulet)
rElec   .          Harm     .   (no ring)
rCorr   .          Rampage  .   (no ring)
Will    .....                   (no ring)
Stlth   ++........              (no ring)
HPRegen 0.04/turn               (no ring)
MPRegen 0.08/turn               (no ring)
                                (no ring)
                                (no ring)

@: constricted
A: almost no armour, amphibious, 8 rings, camouflage 1, gelatinous body 1,
(nimble swimmer 1), tentacles
a: no special abilities


You were on level 1 of the Dungeon.
You visited 1 branch of the dungeon, and saw 1 of its levels.

You aren't carrying anything.


   Skills:
 * Level 1.0 Fighting
 * Level 2.0 Dodging
 + Level 3.0 Unarmed Combat
 * Level 2.0 Spellcasting
 * Level 2.0 Transmutations


You had 3 spell levels left.
You knew the following spells:

 Your Spells              Type           Power      Damage    Failure   Level
a - Beastly Appendage     Tmut           14%        N/A       10%         1

Your spell library contained the following spells:

 Spells                   Type           Power      Damage    Failure   Level
 Wereblood                Tmut           7%         N/A       14%         2
 Spider Form              Tmut/Pois      4%         N/A       41%         3
 Ice Form                 Ice/Tmut       4%         N/A       82%         4


Dungeon Overview and Level Annotations

Branches:
Dungeon (1/15)

Altars:


Innate Abilities, Weirdness & Mutations

You cannot wear most types of armour.
You are amphibious.
You can wear up to eight rings at the same time.
Your skin changes colour to match your surroundings (Stealth+).
Your rubbery body absorbs attacks. (AC +1, EV +1)
((You are camouflaged near water. (Stealth+)))
You have tentacles for arms and can constrict up to eight enemies at once.


Message History

The bat hits you. The bat barely misses you. The bat hits you.
You closely miss the bat. Your grab misses the bat.
Your tentacle spike disappears.
The bat barely misses you. The bat completely misses you.
The bat closely misses you. The bat hits you.
You tentacle-slap the bat. Your grab misses the bat.
The bat is heavily wounded.
The bat hits you. The bat hits you but does no damage.
The bat hits you but does no damage. The bat barely misses you.
The bat misses you.
Found a stone staircase leading down.
The bat hits you but does no damage.
You barely miss the bat. You grab the bat.
The bat is heavily wounded.
You constrict the bat. The bat closely misses you.
The bat escapes!
Found a scroll labelled MAXTAGR MOQEQAAWN.
The bat hits you.
You completely miss the bat. Your grab misses the bat.
The bat is severely wounded.
The bat barely misses you.
You barely miss the bat. Your grab misses the bat.
The bat is severely wounded.
The bat barely misses you.
You tentacle-slap the bat.
You kill the bat!
A ball python comes into view.
Found a leather armour.
A bat comes into view.
The ball python hisses angrily.
There are monsters nearby!
The ball python closely misses you. The ball python grabs you.
The ball python constricts you. The ball python bites you.
* * * LOW HITPOINT WARNING * * *
The ball python constricts you.
* * * LOW HITPOINT WARNING * * *
You barely miss the ball python. You grab the ball python.
You constrict the ball python. The ball python barely misses you.
The ball python constricts you.
You die...

#b #.# #.......# #..
#.###.......# # #..
#.##........# ## #
#...#.#.........# #☼
..#...#[#.........# #≈
#.?...#.#.........# #≈
........#.........#####≈
...>......†...........##
.......@#.###########..'
.......S#.# #.##
..........# #.#≈
.......#... #.#≈
#####+##... #.#≈ #....
..#≈ #..... ..## ......
#..# ##.


You could see a ball python.

Vanquished Creatures
  A bat (D:1)
  A hobgoblin (D:1)
2 creatures vanquished.

Notes
Turn   | Place    | Note
-------+----------+-------------------------------------------
     0 | D:1      | ytrimaz the Octopode Transmuter began the quest for the
                  | Orb.
     0 | D:1      | Reached XP level 1. HP: 13/13 MP: 3/3
    43 | D:1      | Constricted to death by a ball python

Illustrated notes

Levels and vault maps discovered:
D:1:      saegor_arrival_miasma, layout_basic, st_stairs_1

Action                   || total
-------------------------++-------
Melee: Unarmed           ||    12
       Constrict         ||     3
       Kick              ||     1
 Cast: Beastly Appendage ||     1
Armor: Skin              ||     5
Dodge: Dodged            ||    18

Table legend: (Time is in decaauts)
 A = Elapsed time spent in this place.
 B = Non-inter-level travel time spent in this place.
 C = Inter-level travel time spent in this place.
 D = Time resting spent in this place.
 E = Time spent auto-exploring this place.
 F = Levels seen in this place.
 G = Mean time per level.
                   A        B        C        D        E       F      G
               +--------+--------+--------+--------+--------+-----+--------+
         Total |     42 |     42 |      0 |      0 |      8 |   1 |   42.0 |
       Dungeon |     42 |     42 |      0 |      0 |      8 |   1 |   42.0 |
               +--------+--------+--------+--------+--------+-----+--------+

Top non-repeatable levels by time:
     D:1: 42 daAuts
